 Dungeon Crawl Stone Soup version 0.31-a0-1424-g2add1c7226 (webtiles) character file.

Game seed: 13558034928156765207

81 Aldia the Trooper (level 4, -2/46 HPs)
             Began as an Oni Warper on Dec 27, 2023.
             Was a Follower of Okawaru.
             Slain by a rat (3 damage)
             ... on level 2 of the Dungeon.
             The game lasted 00:06:15 (1532 turns).

Aldia the Trooper (Oni Warper)                      Turns: 1532, Time: 00:06:15

Health: -2/46      AC:  3    Str: 17    XL:     4   Next: 42%
Magic:  7/7        EV:  9    Int: 14    God:    Okawaru [*.....]
Gold:   16         SH:  0    Dex:  8    Spells: 6/8 levels left

rFire   . . .        a - +0 mace
rCold   . . .        (no shield)
rNeg    . . .        b - +0 robe
rPois   .            (helmet restricted)
rElec   .            (no cloak)
rCorr   .            (gloves unavailable)
SInv    +            (boots unavailable)
Will    .....        (no amulet)
Stlth   +            i - ring of see invisible
HPRegen 0.27/turn    (no ring)
MPRegen 0.10/turn

%: no passive effects
@: no status effects
A: large, unfitting armour, horns 1, tough skin 1, double potion healing,
drunken brawling
a: Renounce Religion, Heroism


You were on level 2 of the Dungeon.
You worshipped Okawaru.
Okawaru was aware of your devotion.
You visited 1 branch of the dungeon, and saw 2 of its levels.

You collected 50 gold pieces.
You spent 34 gold pieces at shops.

Inventory:

Hand Weapons
 a - a +0 mace (weapon)
Missiles
 d - 7 darts of dispersal (quivered)
Armour
 b - a +0 robe (worn)
Jewellery
 i - a ring of see invisible (left hand)
Scrolls
 c - 2 scrolls of blinking
 f - 2 scrolls of torment {unknown}
 g - a scroll of teleportation {unknown}
 h - 2 scrolls of noise
Potions
 e - 2 potions of heal wounds
 j - 2 potions of might {unknown}


   Skills:
 + Level 3.6 Fighting
 * Level 3.2 Maces & Flails
 - Level 1.0 Throwing
 - Level 2.1 Dodging
 - Level 2.5 Spellcasting
 + Level 3.2 Translocations
 + Level 1.5 Invocations


You had 6 spell levels left.
You knew the following spells:

 Your Spells              Type           Power      Damage    Failure   Level
a - Blink                 Tloc           20%        N/A       10%         2

Your spell library contained the following spells:

 Spells                   Type           Power      Damage    Failure   Level
 Lesser Beckoning         Tloc           20%        N/A       10%         2
 Teleport Other           Tloc           10%        N/A       19%         3
 Manifold Assault         Tloc           10%        N/A       52%         4
 Vhi's Electric Charge    Tloc/Air       12%        N/A       75%         4


Dungeon Overview and Level Annotations

Branches:
Dungeon (2/15)

Altars:
Okawaru

Shops:
D:1 *(**   D:2 (:**


Innate Abilities, Weirdness & Mutations

You are too large for most types of armour.
You have a pair of small horns on your head.
You have tough skin. (AC +1)
You gain doubled healing and magic from potions.
Whenever you drink a healing potion, you attack all around you.


Message History

The gnoll attacks as it pursues you! The gnoll hits you with a +0 flail.
* * * LOW HITPOINT WARNING * * *
The bat hits you but does no damage. The bat barely misses you.
The rat attacks as it pursues you! The rat bites you.
* * * LOW HITPOINT WARNING * * *
The bat hits you but does no damage. The bat hits you but does no damage.
The rat attacks as it pursues you! The rat barely misses you.
You enter a dispersal trap!
The bat blinks!
The rat blinks!
The gnoll blinks! x4
The bat blinks!
You blink.
You see here a giant cockroach corpse.
Found a stone staircase leading up.
The gnoll hits you from afar with a +0 spear.
* * * LOW HITPOINT WARNING * * *
The rat attacks as it pursues you! The rat closely misses you.
The bat barely misses you. The bat attacks as it pursues you!
The bat closely misses you. The bat hits you but does no damage.
The gnoll closely misses you. The bat hits you but does no damage.
The bat attacks as it pursues you! The bat barely misses you.
The bat hits you but does no damage. The rat attacks as it pursues you!
The rat bites you.
* * * LOW HITPOINT WARNING * * *
The bat hits you but does no damage. The bat hits you but does no damage.
The bat attacks as it pursues you! The bat misses you.
The bat hits you but does no damage. The rat attacks as it pursues you!
The rat bites you.
* * * LOW HITPOINT WARNING * * *
The bat hits you but does no damage. The rat attacks as it pursues you!
The rat barely misses you. The bat hits you but does no damage.
The bat hits you but does no damage. The rat bites you but does no damage.
The bat hits you.
* * * LOW HITPOINT WARNING * * *
The gnoll hits you from afar with a +0 spear.
* * * LOW HITPOINT WARNING * * *
The rat bites you.
You die...

#..............###### #...##...#.
#........#.......)..###.#####..#.
#........#......<...##.∩####....#
#####.##.......÷....#........##..
#.###..............#########.
###...#...........#### #.
#.................# #.
#..............r..# #.
#............b@.g.# ##
#...............gg##### ###.
#................g....######...
#......##...#..................
#...>..###..##.................
#.........................##...
###...####.##.#................
#.... ..##.......>......#... ...
...................


You could see 4 gnolls, a bat and a rat.

Vanquished Creatures
  An iguana (D:2)
  An adder (D:1)
  2 dart slugs (D:1)
  3 endoplasms
  4 giant cockroaches
  5 goblins
  6 hobgoblins
  4 quokkas
  5 ball pythons (D:1)
  A frilled lizard (D:1)
  2 kobolds (D:1)
34 creatures vanquished.

Notes
Turn   | Place    | Note
-------+----------+-------------------------------------------
     0 | D:1      | Aldia the Oni Warper began the quest for the Orb.
     0 | D:1      | Reached XP level 1. HP: 22/22 MP: 3/3
    26 | D:1      | Found Ungaerok's Weapon Shop.
    76 | D:1      | Reached XP level 2. HP: 29/29 MP: 5/5
   116 | D:1      | Learned a level 2 spell: Blink
   145 | D:1      | Found a faded altar of an unknown god.
   154 | D:1      | Prayed at the altar of an unknown god.
   154 | D:1      | Became a worshipper of Warmaster Okawaru
   154 | D:1      | Reached * piety under Okawaru
   288 | D:1      | Found Vakhladi's General Store.
   541 | D:1      | Found Xesazot's Assorted Antiques.
   634 | D:1      | Reached XP level 3. HP: 37/37 MP: 6/6
   758 | D:1      | Found Dettis's Assorted Antiques.
   870 | D:1      | Bought a scroll of noise for 14 gold pieces
   928 | D:2      | HP: 1/37 [iguana (9)]
   931 | D:2      | Reached skill level 1 in Invocations
  1075 | D:2      | Found Ywu Rojo's Antique Weapon Shop.
  1084 | D:1      | Reached XP level 4. HP: 24/45 MP: 5/7
  1345 | D:2      | Found Fonweoch's Book Shoppe.
  1348 | D:2      | Found Doiguir's General Store.
  1387 | D:2      | Bought a scroll of identify for 20 gold pieces
  1483 | D:2      | Found Plog's General Store.
  1532 | D:2      | HP: 1/46 [gnoll/+0 spear (4)]
  1532 | D:2      | Slain by a rat

Illustrated notes

Levels and vault maps discovered:
D:1:      minmay_arrival_open_corners, layout_loops_ring, serial_shops,
          nicolae_shop_gibbet_a_chance, shop, shop, shop,
          ebering_ecumenical_altar_hall
D:2:      layout_rooms, serial_shops, nicolae_shop_tiny_statue_garden, shop,
          shop, shop

Skill      XL: |  1  2  3 |
---------------+----------+-----
Fighting       | 3 |  3.6
Translocations | 3 |  3.2
Maces & Flails | 3 |  3.2
Invocations    | 1 |  1.5
Throwing       | |  1.0
Dodging        | |  2.1
Spellcasting   | |  2.5

Action                     |  1- 3 |  4- 6 || total
---------------------------+-------+-------++-------
  Melee: Mace              |    60 |    35 ||    95
         Headbutt          |     8 |     4 ||    12
         Punch             |     2 |     1 ||     3
   Cast: Blink             |     2 |       ||     2
    Use: Scroll            |       |     1 ||     1
 Armour: Robe              |    46 |    70 ||   116
  Dodge: Dodged            |    37 |    33 ||    70

Table legend: (Time is in decaauts)
 A = Elapsed time spent in this place.
 B = Non-inter-level travel time spent in this place.
 C = Inter-level travel time spent in this place.
 D = Time resting spent in this place.
 E = Time spent auto-exploring this place.
 F = Levels seen in this place.
 G = Mean time per level.
                   A        B        C        D        E       F      G
               +--------+--------+--------+--------+--------+-----+--------+
         Total |   1557 |   1425 |    132 |    201 |    937 |   2 |  778.5 |
       Dungeon |   1557 |   1425 |    132 |    201 |    937 |   2 |  778.5 |
               +--------+--------+--------+--------+--------+-----+--------+

Top non-repeatable levels by time:
     D:1: 1133 daAuts
     D:2: 424 daAuts
